 Dungeon Crawl Stone Soup version 0.27.0-1-g7a089689b8 (webtiles) character file.

Game seed: 13263076313055782413

2765 dolemite99 the Cleaver (level 9, -4/76 HPs)
             Began as a Deep Dwarf Fighter on Aug 11, 2021.
             Was an Initiate of Makhleb.
             Killed from afar by Joseph (16 damage)
             ... with a bolt of acid
             ... on level 8 of the Dungeon.
             The game lasted 00:12:17 (7017 turns).

dolemite99 the Cleaver (Deep Dwarf Fighter)         Turns: 7017, Time: 00:12:17

Health: -4/76      AC:  7    Str: 22    XL:     9   Next: 42%
Magic:  6/6        EV:  7    Int: 10    God:    Makhleb [......]
Gold:   6          SH: 16    Dex: 12    Spells: 8/8 levels left

rFire    + . .     SeeInvis .   a - +6 war axe (vorpal)
rCold    + . .     Faith    .   f - +2 kite shield {AC+3}
rNeg     . . .     Spirit   .   o - +0 scale mail
rPois    .         Reflect  +   (no helmet)
rElec    .         Harm     .   y - scarf {rC+ rF+}
rCorr    .         Rampage  .   (no gloves)
Will     +....                  O - +0 pair of boots
Stlth    ..........             p - amulet of reflection
HPRegen  0.00/turn              (no ring)
MPRegen  0.10/turn              (no ring)

@: corroded
A: damage resistance, heal wounds, sense surroundings 2, no regeneration
a: Heal Wounds, Renounce Religion


You were on level 8 of the Dungeon.
You worshipped Makhleb.
Makhleb was noncommittal.
You visited 2 branches of the dungeon, and saw 9 of its levels.

You collected 1274 gold pieces.
You spent 1268 gold pieces at shops.

Inventory:

Hand Weapons
 a - a +6 vorpal war axe (weapon)
 b - the +1 hunting sling of Capital Punishment {freeze, rElec rF+ rC- rN++}
   (You bought it in a shop on level 2 of the Dungeon)

   Any ammunition fired from it freezes those it strikes, dealing additional
   cold damage.
   It can also slow down cold-blooded creatures.
   rF:        It protects you from fire.
   rC:        It makes you vulnerable to cold.
   rElec:     It insulates you from electricity.
   rN:        It greatly protects you from negative energy.
 k - a +2 war axe
 H - a +0 battleaxe
 I - a +0 shortbow
 J - a +2 whip of flaming
Missiles
 l - 66 sling bullets
 r - 86 bolts
 u - 33 stones
 x - 152 arrows
 C - 29 poisoned darts (quivered)
 G - a throwing net
Armour
 c - a +0 kite shield
 f - a +2 kite shield of protection (worn)
 o - a +0 scale mail (worn)
 y - a scarf of resistance (worn)
 D - a scarf of invisibility
 O - a +0 pair of boots (worn)
Magical Staves
 N - a staff of fire
Jewellery
 j - a ring of magical power
 m - a ring of flight
 n - an amulet of the acrobat
 p - an amulet of reflection (around neck)
 t - a ring of wizardry
 E - a +4 ring of slaying
 K - a ring of protection from cold
Wands
 w - a wand of polymorph (10)
Scrolls
 i - a scroll of vulnerability
 q - a scroll of teleportation
 A - 2 scrolls of magic mapping
 L - 2 scrolls of amnesia
Potions
 d - a potion of might
 e - 3 potions of heal wounds
 g - 4 potions of curing
 h - 2 potions of haste
 s - a potion of attraction
 v - 2 potions of flight
 z - a potion of resistance {unknown}
 B - 2 potions of magic {unknown}
 F - a potion of degeneration {unknown}
 M - a potion of ambrosia {unknown}


   Skills:
 + Level 3.5 Fighting
 - Level 13.5 Axes
 - Level 3.2 Armour
 - Level 3.2 Shields


You had 8 spell levels left.
You didn't know any spells.
Your spell library contained the following spells:

 Spells                   Type           Power      Damage    Failure   Level
 Animate Skeleton         Necr           0%         N/A       99%         1
 Apportation              Tloc           0%         N/A       99%         1
 Corona                   Hex            0%         N/A       99%         1
 Sandblast                Erth           0%         2d4       99%         1
 Shock                    Conj/Air       0%         1d3       99%         1
 Summon Small Mammal      Summ           0%         N/A       99%         1
 Ensorcelled Hibernation  Hex/Ice        0%         N/A       100%        2
 Passwall                 Tmut/Erth      0%         N/A       100%        2
 Sublimation of Blood     Necr           0%         N/A       100%        2
 Wereblood                Tmut           0%         N/A       100%        2
 Gell's Gravitas          Tloc           0%         N/A       100%        3
 Spider Form              Tmut/Pois      0%         N/A       100%        3
 Swiftness                Air            0%         N/A       100%        3
 Teleport Other           Tloc           0%         N/A       100%        3
 Airstrike                Air            0%         N/A       100%        4
 Summon Lightning Spire   Summ/Air       0%         N/A       100%        4
 Lee's Rapid Deconstruct  Erth           0%         3d5*      100%        5
 Dispersal                Tloc           0%         N/A       100%        6
 Shadow Creatures         Summ           N/A        N/A       100%        6
 Storm Form               Tmut/Air       0%         N/A       100%        7
 Summon Hydra             Summ           0%         N/A       100%        7
 Maxwell's Capacitive Co  Air            0%         ∞         100%        8


Dungeon Overview and Level Annotations

Branches:
Dungeon (8/15)             Temple (1/1) D:7
   Lair: D:8-11

Altars:
Ashenzari
Cheibriados
Elyvilon
Fedhas
Gozag
Hepliaklqana
Makhleb
Nemelex Xobeh
Okawaru
Qazlal
Ru
Sif Muna
Trog
Vehumet
Wu Jian
Xom
Yredelemnul
Zin

Shops:
D:2 (*:**   D:8 [

Annotations:
D:8 Joseph


Innate Abilities, Weirdness & Mutations

You are resistant to damage.
You can heal yourself by infusing magical energy.
You passively map the area around you.
You do not regenerate.


Message History

You fail to use your ability.
Joseph shoots a sling bullet.
You reflect the sling bullet off an invisible shield around you!
The sling bullet closely misses Joseph.
Joseph unwields a +0 hunting sling.
Joseph wields a +0 quarterstaff.
You block Joseph's attack.
You hit Joseph but do no damage.
Joseph is lightly wounded.
You block Joseph's attack.
You slash Joseph!
Joseph is moderately wounded.
You block Joseph's attack.
You slash Joseph!
Joseph is heavily wounded.
Joseph zaps a wand.
The bolt of acid hits you!
You are splashed with acid!
You closely miss Joseph.
Joseph is heavily wounded.
You block Joseph's attack.
Your magical essence is drained by the effort!
You feel much better. Joseph hits you but does no damage.
You hit Joseph.
Joseph is severely wounded.
You block Joseph's attack.
You barely miss Joseph.
Joseph is severely wounded.
Joseph zaps a wand.
The bolt of acid hits you.
You are splashed with acid!
You slash Joseph!
Joseph is almost dead.
You block Joseph's attack.
You barely miss Joseph.
Joseph is almost dead.
Joseph zaps a wand.
The bolt of acid misses you.
You closely miss Joseph.
Joseph is almost dead.
Joseph zaps a wand.
The bolt of acid hits you!! The acid corrodes you!
You are splashed with acid!
* * * LOW HITPOINT WARNING * * *
You barely miss Joseph.
Joseph is almost dead.
Joseph zaps a wand.
The bolt of acid hits you!!
You die...

#.. , , * #.#####, * *
#.#...# , , #.#.#.# *,*
#.#[#<# # * #.#'###.#
########.+∩'...# *
,.........#)##### * *
.^...........@.# ,*
........######@# *
.........#### #.# , , *
.............# #.# ,,
..............# #.# ***
.!............# #.# , ,
..............###.#.####**
<
.........................
,
...........######.#.###.#
,


You could see Joseph.

Vanquished Creatures
  Pikel (D:6)
  A gargoyle (D:6)
  Menkaure (D:5)
  2 water moccasins
  A black bear (D:4)
  An ice beast (D:6)
  An orc warrior (D:7)
  A sky beast (D:7)
  3 centaurs
  A kobold brigand (D:7)
  3 lemures
  A gnoll sergeant (D:6)
  2 scorpions
  A water moccasin zombie (D:7)
  A wyvern skeleton (D:6)
  A howler monkey (D:6)
  A bullfrog zombie (D:5)
  2 centaur zombies
  2 hounds (D:5)
  2 jellies
  An orc priest (D:7)
  3 iguanas
  3 orc wizards (D:7)
  A howler monkey zombie (D:4)
  A howler monkey skeleton (D:7)
  7 gnolls (D:6)
  7 adders
  3 white imps
  An adder zombie (D:5)
  An adder skeleton (D:4)
  7 dart slugs
  11 orcs
  5 endoplasms
  5 giant cockroaches
  12 goblins
  11 hobgoblins
  10 jackals
  3 quokkas
  10 ball pythons
  6 bats
  5 frilled lizards
  12 kobolds
  6 rats
160 creatures vanquished.

Vanquished Creatures (others)
  5 plants (D:1)
  11 withered plants (D:1)
16 creatures vanquished.

Grand Total: 176 creatures vanquished

Notes
Turn   | Place    | Note
-------+----------+-------------------------------------------
     0 | D:1      | dolemite99 the Deep Dwarf Fighter began the quest for the
                  | Orb.
     0 | D:1      | Reached XP level 1. HP: 20/20 MP: 1/1
   176 | D:1      | Reached skill level 3 in Axes
   186 | D:1      | Found a faded altar of an unknown god.
   197 | D:1      | Reached XP level 2. HP: 24/27 MP: 2/2
   671 | D:1      | Reached XP level 3. HP: 26/33 MP: 3/3
   880 | D:2      | Found Kehemer's Book Shop.
   888 | D:2      | Reached skill level 4 in Axes
   907 | D:2      | Found Delled's Assorted Antiques.
   918 | D:2      | Found Vilocoges's General Store.
  1288 | D:2      | Found Ywetylox's Assorted Antiques.
  1297 | D:2      | Bought a scroll labelled CEKKUWK JASE for 22 gold pieces
  1299 | D:2      | Identified a scroll of acquirement
  1300 | D:2      | Acquired 908 gold pieces
  1304 | D:2      | Bought a shiny kite shield for 165 gold pieces
  1314 | D:2      | Bought a scroll of identify for 44 gold pieces
  1315 | D:2      | Bought a scroll labelled DULOGATH XEIJ for 22 gold pieces
  1315 | D:2      | Bought a smoky dark potion for 19 gold pieces
  1315 | D:2      | Bought a transparent hunting sling for 143 gold pieces
  1315 | D:2      | Identified the +1 hunting sling of Capital Punishment
                  | {freeze, rElec rF+ rC- rN++} (You bought it in a shop on
                  | level 2 of the Dungeon)
  1317 | D:2      | Bought a scroll labelled DUT XEBOPEG for 22 gold pieces
  1387 | D:2      | Bought a tiny bone amulet for 125 gold pieces
  1394 | D:2      | Bought a scroll labelled MEN HOUTEDONGAOPH for 25 gold
                  | pieces
  1580 | D:2      | Reached XP level 4. HP: 18/40 MP: 4/4
  1650 | D:2      | Bought a potion of curing for 75 gold pieces
  1650 | D:2      | Bought a potion of curing for 75 gold pieces
  1650 | D:2      | Bought a scroll of identify for 50 gold pieces
  1909 | D:2      | Found Jaesoodu's Weapon Shoppe.
  1998 | D:3      | Reached skill level 5 in Axes
  2079 | D:3      | Found a broken altar of Ashenzari.
  2514 | D:2      | Bought a potion of heal wounds for 70 gold pieces
  2514 | D:2      | Bought a potion of heal wounds for 70 gold pieces
  2514 | D:2      | Bought a scroll of identify for 28 gold pieces
  2586 | D:4      | Reached XP level 5. HP: 19/46 MP: 5/5
  2791 | D:4      | Reached skill level 6 in Axes
  3158 | D:4      | Reached skill level 7 in Axes
  3164 | D:4      | Noticed a black bear
  3171 | D:4      | Killed a black bear
  3172 | D:4      | Reached XP level 6. HP: 54/55 MP: 5/5
  3237 | D:5      | Entered Level 5 of the Dungeon
  3283 | D:5      | Found a sacrificial altar of Ru.
  3398 | D:5      | Reached skill level 8 in Axes
  3615 | D:5      | Reached XP level 7. HP: 37/61 MP: 6/6
  3774 | D:5      | Noticed Menkaure
  3785 | D:5      | Killed Menkaure
  3786 | D:5      | Reached skill level 9 in Axes
  3812 | D:5      | Found a white marble altar of Elyvilon.
  3917 | D:5      | Found a stormy altar of Qazlal.
  4200 | D:6      | Noticed Pikel
  4507 | D:6      | Reached skill level 10 in Axes
  4516 | D:6      | Reached XP level 8. HP: 46/68 MP: 6/6
  4531 | D:6      | Noticed a gargoyle
  4536 | D:6      | Killed a gargoyle
  4537 | D:6      | Reached skill level 11 in Axes
  4766 | D:6      | Killed Pikel
  4767 | D:6      | Reached skill level 12 in Axes
  4968 | D:6      | Gained mutation: You passively map the area around you.
                  | [Deep Dwarf growth]
  4968 | D:6      | Reached XP level 9. HP: 45/74 MP: 7/7
  5041 | D:6      | Found an iron altar of Okawaru.
  5041 | D:6      | Found a bloodstained altar of Trog.
  5247 | D:7      | Reached skill level 13 in Axes
  6503 | D:7      | Found a staircase to the Ecumenical Temple.
  6509 | Temple   | Entered the Ecumenical Temple
  6542 | Temple   | Became a worshipper of Makhleb the Destroyer
  6933 | D:8      | Found Unef Dyr's Antique Armour Boutique.
  6936 | D:8      | Bought a smoking cloak for 313 gold pieces
  6936 | D:8      | Identified the -1 cloak of the Rose {Stlth+} (You bought it
                  | in a shop on level 8 of the Dungeon)
  6978 | D:8      | Noticed Joseph
  7017 | D:8      | Killed from afar by Joseph

Illustrated notes

Levels and vault maps discovered:
D:1:      dpeg_arrival_tiny_j, layout_basic,
          shapermc_ecumenical_altar_flowoftime
D:2:      layout_basic, serial_shops, shop_fountains, nicolae_diamond_shop,
          shop_fountains, shop, nicolae_lakefront_shop
D:3:      layout_basic, ashenzari_altar_1
D:4:      layout_basic, minmay_misc_feat_square
D:5:      layout_cave_pools, elyvilon_altar_1, grunt_qazlal_clouds,
          hangedman_ru_absence, serial_gnoll_camp, bh_walls_and_bars,
          uniq_menkaure
D:6:      layout_loops_ring, grunt_temple_overflow_bloody_war, uniq_pikel
D:7:      layout_basic, minmay_temple_entry_waves, hex_intersection,
          minmay_door_square, kennysheep_generic_room_12
D:8:      corexii_shack_village, layout_basic, mainiacjoe_overflow_two_lobes,
          minmay_lair_entry_grove, serial_shops, kennysheep_mini, st_stairs_1,
          hangedman_incinerator, uniq_joseph
Temple:   minmay_temple_bridge_abc

Skill      XL: |  1  2  3  4  5  6  7  8  9 |
---------------+----------------------------+-----
Axes           | 3 4 5 7 8 10 12 13 | 13.5
Fighting       | 3 |  3.5
Armour         | |  3.2
Shields        | |  3.2

Action                   |  1- 3 |  4- 6 |  7- 9 || total
-------------------------+-------+-------+-------++-------
Melee: War axe           |   134 |   140 |   161 ||   435
 Fire: Hunting sling     |       |    26 |       ||    26
Throw: Stone             |       |       |    16 ||    16
       Dart              |       |       |    22 ||    22
 Abil: Heal Wounds       |       |     2 |     7 ||     9
  Use: Scroll            |     7 |    14 |     4 ||    25
Armor: Scale mail        |    69 |    57 |    28 ||   154
Dodge: Dodged            |    33 |    31 |    37 ||   101
Block: Kite shield       |    70 |   131 |   118 ||   319
       Reflection        |       |     1 |    10 ||    11
